 Dungeon Crawl Stone Soup version 0.28.0-43-g3370ac3207 (webtiles) character file.

Game seed: 12515011840581986635

4 sking99 the Insei (level 1, 12/17 HPs)
             Began as a Djinni Transmuter on Mar 12, 2022.
             Was a Follower of Yredelemnul.
             Quit the game on level 1 of the Dungeon.
             The game lasted 00:00:25 (379 turns).

sking99 the Insei (Djinni Transmuter)                Turns: 379, Time: 00:00:26

Health: 12/17      AC:  2    Str:  9    XL:     1   Next: 77%
Gold:   10         EV: 12    Int: 14    God:    Yredelemnul [*.....] SH:  0 Dex: 13

rFire   + + .      SeeInvis .     - Unarmed
rCold   x . .      Faith    .   (no shield)
rNeg    . . .      Spirit   .   a - +0 robe
rPois   ∞          Reflect  .   (no helmet)
rElec   .          Harm     .   (no cloak)
rCorr   .          Rampage  .   (no gloves)
Will    .....                   (boots unavailable)
Stlth   +.........              (no amulet)
HPRegen 0.05/turn               (no ring)
MPRegen 0.00/turn               (no ring)

@: flying
A: sickness immunity, fire resistance 2, cold vulnerability 1, float, innate
caster, HP casting, extra vitality 1
a: Renounce Religion, Recall Undead Harvest


You were on level 1 of the Dungeon.
You worshipped Yredelemnul.
Yredelemnul was noncommittal.
You visited 1 branch of the dungeon, and saw 1 of its levels.

You collected 10 gold pieces.

Inventory:

Armour
 a - a +0 robe (worn)
Potions
 b - a potion of degeneration {unknown}


   Skills:
 + Level 1.1 Fighting
 + Level 2.3 Dodging
 + Level 3.0 Unarmed Combat
 + Level 1.6 Spellcasting


You couldn't memorise any spells.
You knew the following spells:

 Your Spells              Type           Power      Damage    Failure   Level
a - Beastly Appendage     Tmut           10%        N/A       12%         1
b - Wereblood             Tmut           5%         N/A       19%         2
c - Spider Form           Tmut/Pois      5%         N/A       36%         3
d - Ice Form              Ice/Tmut       5%         N/A       77%         4
Your spell library was empty.

Dungeon Overview and Level Annotations

Branches:
Dungeon (1/15)

Altars:
Yredelemnul


Innate Abilities, Weirdness & Mutations

You are immune to sickness and miasma.
You are immune to poison.
Your flesh is very heat resistant. (rF++)
You are vulnerable to cold. (rC-)
You float through the air rather than walking.
You learn spells naturally, not from books.
Your magical power is your life essence.
You have superior vitality. (+4 MHP)


Message History

You start resting.
Your horns disappear.
HP restored.
Found a faded altar of an unknown god.
b - a fuming yellow potion You reach down and open the door.
A goblin and a rat come into view.
There is an open door here.
A bat comes into view.
Found a scroll labelled NIETZIACROO.
The goblin barely misses you. The bat hits you but does no damage.
You hit the goblin.
You kill the goblin!
The bat hits you but does no damage.
You miss the bat. The bat barely misses you. The bat hits you.
The bat hits you. The bat barely misses you. The bat completely misses you.
The bat hits you.
The rat twitches its whiskers.
The rat bites you.
You hit the rat.
You kill the rat!
The bat barely misses you.
You closely miss the bat. The bat hits you but does no damage.
You barely miss the bat. The bat closely misses you.
The bat hits you but does no damage. x2
The bat barely misses you.
You hit the bat.
You kill the bat!
No target in view!
There is an open door here.
There is a faded altar of an unknown god here.
You cannot tell which god this altar belongs to.
Convert to them anyway?
Okay, then.
You cannot tell which god this altar belongs to.
Convert to them anyway?
Yredelemnul accepts your prayer! Yredelemnul welcomes you!
You can now reap souls.
You can now recall your undead harvest.
Are you sure you want to abandon this character and quit the game? (Confirm with "yes".)

#.# #..>.. #.# ###... #.# ##..
#.# #.# #.# #.# #.# #.# #.#
####.## #+# # #.# #.....# ##
###.# ####.Z...## .## ##.#.#
#..@.Z....#
..####....####.#.Z..#########
..'................##.......##
..####....##########....<....####
.## ##.#.# ##..................
## ###.# #...⌠....##+##....⌠. #
#.# #........#...#...... #.#
#........'8.8+...... #.#
###########'########


You could see a friendly ball python zombie and 2 friendly adder zombies.

Vanquished Creatures
  A bat (D:1)
  A goblin (D:1)
  A kobold (D:1)
  A rat (D:1)
4 creatures vanquished.

Notes
Turn   | Place    | Note
-------+----------+-------------------------------------------
     0 | D:1      | sking99 the Djinni Transmuter began the quest for the Orb.
     0 | D:1      | Reached XP level 1. HP: 17/17 MP: 0/0
   320 | D:1      | Found a faded altar of an unknown god.
   378 | D:1      | Prayed at the altar of an unknown god.
   378 | D:1      | Became a worshipper of Yredelemnul the Dark
   378 | D:1      | Reached * piety under Yredelemnul
   379 | D:1      | Quit the game

Illustrated notes

Levels and vault maps discovered:
D:1:      giann_wishing_wells, layout_loops_corners, basic_ecumenical_altar,
          serial_shops, shop, chequers_arboretum

Action                   || total
-------------------------++-------
Melee: Unarmed           ||    10
       Headbutt          ||     2
 Cast: Beastly Appendage ||     1
Armor: Robe              ||     6
Dodge: Dodged            ||     7
